 Dungeon Crawl Stone Soup version 0.29-a0-870-g2c972031a6 (webtiles) character file.

Game seed: 14376124568645231380

150 lesbiats the Conjurer (level 4, -2/36 HPs)
             Began as a Demigod Conjurer on July 17, 2022.
             Slain by a gnoll
             ... wielding a +0 halberd
              (12 damage)
             ... on level 2 of the Dungeon.
             The game lasted 00:09:19 (2456 turns).

lesbiats the Conjurer (Demigod Conjurer)            Turns: 2456, Time: 00:09:20

Health: -2/36      AC:  4    Str:  8    XL:     4   Next: 84%
Magic:  2/10       EV: 12    Int: 24    God:
Gold:   82         SH:  0    Dex: 12    Spells: 3/8 levels left

rFire   . . .      SeeInvis .   d - +0 club
rCold   . . .      Faith    .   (no shield)
rNeg    . . .      Spirit   .   a - +0 robe
rPois   .          Reflect  .   h - +2 hat
rElec   .          Harm     .   (no cloak)
rCorr   .          Rampage  .   (no gloves)
Will    .....                   (no boots)
Stlth   ++........              (no amulet)
HPRegen 0.12/turn               (no ring)
MPRegen 0.12/turn               (no ring)

@: no status effects
A: high MP 1, forlorn, divine attributes
a: no special abilities


You were on level 2 of the Dungeon.
You visited 1 branch of the dungeon, and saw 2 of its levels.

You collected 82 gold pieces.

Inventory:

Hand Weapons
 d - a +0 club (weapon)
Missiles
 f - 6 poisoned darts
Armour
 a - a +0 robe (worn)
 h - a +2 hat (worn)
Wands
 j - a wand of polymorph (8)
Scrolls
 c - a scroll of torment {unknown}
 g - a scroll of vulnerability {unknown}
 i - a scroll of silence {unknown}
Potions
 b - 2 potions of magic
 e - a potion of berserk rage {unknown}


   Skills:
 + Level 1.9 Fighting
 - Level 1.7 Dodging
 - Level 1.7 Stealth
 + Level 2.6 Spellcasting
 * Level 4.9 Conjurations


You had 3 spell levels left.
You knew the following spells:

 Your Spells              Type           Power      Damage    Failure   Level
a - Magic Dart            Conj           100%       1d8       1%          1
b - Blink                 Tloc           6%         N/A       17%         2
c - Searing Ray           Conj           52%        2d6       2%          2

Your spell library contained the following spells:

 Spells                   Type           Power      Damage    Failure   Level
 Slow                     Hex            12%        N/A       12%         1
 Dazzling Flash           Conj/Hex       30%        N/A       12%         3
 Call Canine Familiar     Summ           3%         N/A       34%         3
 Confusing Touch          Hex            3%         N/A       34%         3
 Lesser Beckoning         Tloc           3%         N/A       34%         3
 Portal Projectile        Hex/Tloc       6%         N/A       34%         3
 Vampiric Draining        Necr           3%         2d6       34%         3
 Fulminant Prism          Conj/Hex       7%         3d7       38%         4
 Iskenderun's Mystic Bla  Conj/Tloc      15%        2d5       38%         4
 Leda's Liquefaction      Hex/Erth       1%         N/A       75%         4
 Manifold Assault         Tloc           3%         N/A       97%         5


Dungeon Overview and Level Annotations

Branches:
Dungeon (2/15)


Innate Abilities, Weirdness & Mutations

You have an increased reservoir of magic. (+10% MP)
You shall have no god before yourself.
Your divine heritage dramatically boosts your attributes as you level up.


Message History

The searing ray hits the rat.
The rat is severely wounded.
The searing ray hits the gnoll.
The gnoll is severely wounded. (Press . to maintain the ray.)
The rat bites you.
The gnoll hits you from afar with a +0 halberd!
The searing ray hits the rat!
You kill the rat!
The searing ray hits the gnoll.
You kill the gnoll!
You start resting.
A gnoll is nearby!
Aiming: Magic Dart (safe; 1% risk of failure)
Press: ? - help, Q - select action, (/) - cycle Shift-Dir - straight line, f - gnoll
Aim: a gnoll, wielding a +0 halberd (100% to hit)
The magic dart hits the gnoll but does no damage.
The gnoll barely misses you.
You see here an adder corpse.
Aiming: Magic Dart (safe; 1% risk of failure)
Press: ? - help, Q - select action, (/) - cycle Shift-Dir - straight line, f - gnoll, p - gnoll
Aim: a gnoll, wielding a +0 halberd (100% to hit)
The magic dart hits the gnoll.
The gnoll is moderately wounded.
The gnoll closely misses you.
Casting: Magic Dart (safe; 1% risk of failure)
Confirm with . or Enter, or press ? or * to list all spells.
Aiming: Searing Ray (safe; 2% risk of failure)
Press: ? - help, Shift-Dir - straight line, f/p - gnoll
Aim: a gnoll, wielding a +0 halberd (moderately wounded, 82% to hit)
The searing ray hits the gnoll.
The gnoll is severely wounded. (Press . to maintain the ray.)
The gnoll hits you from afar with a +0 halberd!
* * * LOW HITPOINT WARNING * * *
The gnoll closely misses you.
The searing ray hits the gnoll!
You kill the gnoll!
The gnoll hits you from afar with a +0 halberd!
You die...

#.......)......###.........#
#.#
#####.#.##.##.#.#.##########
#.# #.#.#####.##..# #.##
..#.......###.##########
#...
##########.....##.......#
#### #.######.#####.# #.#
#.# #.# #.######)#####.#
########.).@.g.....##.#
.........######.##.##.##
.######...## #.#......#
#..J..# #.#..##..# ##...##
#........# ##.## ###......#
#g# ##.##### #.# #.# #g# #.#


You could see a gnoll.

Vanquished Creatures
  Natasha (D:2)
  3 gnolls (D:2)
  7 adders (D:2)
  2 dart slugs (D:2)
  4 bats
  3 endoplasms
  A giant cockroach (D:1)
  3 goblins
  2 hobgoblins
  6 kobolds
  2 quokkas (D:1)
  3 ball pythons (D:2)
  2 frilled lizards
  8 rats
47 creatures vanquished.

Notes
Turn   | Place    | Note
-------+----------+-------------------------------------------
     0 | D:1      | lesbiats the Demigod Conjurer began the quest for the Orb.
     0 | D:1      | Reached XP level 1. HP: 14/14 MP: 5/5
   463 | D:1      | Reached XP level 2. HP: 22/22 MP: 5/7
   485 | D:1      | Learned a level 2 spell: Searing Ray
   871 | D:1      | Reached skill level 4 in Conjurations
  1281 | D:2      | Reached skill level 1 in Fighting
  1332 | D:2      | Reached XP level 3. HP: 28/28 MP: 4/8
  1436 | D:2      | Noticed Natasha
  1446 | D:2      | Killed Natasha
  2045 | D:2      | Reached XP level 4. HP: 30/35 MP: 2/10
  2131 | D:2      | Learned a level 2 spell: Blink
  2456 | D:2      | Slain by a gnoll

Illustrated notes

Levels and vault maps discovered:
D:1:      eino_arrival_cavern_a, layout_basic
D:2:      layout_loops_corners, hellmonk_ecumenical_altar_leap_of_faith,
          uniq_natasha

Skill      XL: |  1  2 |
---------------+-------+-----
Spellcasting   | 2 |  2.6
Conjurations   | 4 |  4.9
Fighting       | 1 |  1.9
Dodging        | |  1.7
Stealth        | |  1.7

Action                   |  1- 3 |  4- 6 || total
-------------------------+-------+-------++-------
Melee: Club              |    13 |     3 ||    16
 Cast: Magic Dart        |    79 |     8 ||    87
       Searing Ray       |       |     4 ||     4
Armor: Robe              |     2 |     6 ||     8
Dodge: Dodged            |    20 |     9 ||    29

Table legend: (Time is in decaauts)
 A = Elapsed time spent in this place.
 B = Non-inter-level travel time spent in this place.
 C = Inter-level travel time spent in this place.
 D = Time resting spent in this place.
 E = Time spent auto-exploring this place.
 F = Levels seen in this place.
 G = Mean time per level.
                   A        B        C        D        E       F      G
               +--------+--------+--------+--------+--------+-----+--------+
         Total |   2460 |   2380 |     80 |    955 |   1140 |   2 | 1230.0 |
       Dungeon |   2460 |   2380 |     80 |    955 |   1140 |   2 | 1230.0 |
               +--------+--------+--------+--------+--------+-----+--------+

Top non-repeatable levels by time:
     D:1: 1263 daAuts
     D:2: 1196 daAuts
